 Dungeon Crawl Stone Soup version 0.28.0 (webtiles) character file.

Game seed: 4985445782985773025

48 Minsecho the Chopper (level 3, 0/33 HPs)
             Began as a Hill Orc Monk on Feb 5, 2022.
             Slain by a gnoll (6 damage)
             ... on level 1 of the Dungeon.
             The game lasted 00:01:59 (1554 turns).

Minsecho the Chopper (Hill Orc Monk)                Turns: 1554, Time: 00:02:00

Health: 0/33       AC:  2    Str: 15    XL:     3   Next: 72%
Magic:  3/3        EV: 12    Int: 10    God:
Gold:   13         SH:  0    Dex: 13    Spells: 2/2 levels left

rFire   . . .      SeeInvis .   a - +0 hand axe
rCold   . . .      Faith    .   (no shield)
rNeg    . . .      Spirit   .   b - +0 robe
rPois   .          Reflect  .   (no helmet)
rElec   .          Harm     .   (no cloak)
rCorr   .          Rampage  .   (no gloves)
Will    .....                   (no boots)
Stlth   ++........              (no amulet)
HPRegen 0.11/turn               h - ring of wizardry
MPRegen 0.08/turn               (no ring)

@: no status effects
A: no striking features
a: no special abilities


You were on level 1 of the Dungeon.
You visited 1 branch of the dungeon, and saw 2 of its levels.

You collected 13 gold pieces.

Inventory:

Hand Weapons
 a - a +0 hand axe (weapon)
Armour
 b - a +0 robe (worn)
Jewellery
 h - a ring of wizardry (left hand)
Scrolls
 c - a scroll of amnesia {unknown}
 d - a scroll of magic mapping {unknown}
 f - 2 scrolls of teleportation {unknown}
 g - a scroll of fog {unknown}
 i - 2 scrolls of brand weapon {unknown}
Potions
 e - a potion of mutation {unknown}


   Skills:
 + Level 4.2 Fighting
 + Level 5.0 Axes
 + Level 2.8 Dodging
 - Level 1.5 Stealth


You had 2 spell levels left.
You didn't know any spells.
Your spell library was empty.

Dungeon Overview and Level Annotations

Branches:
Dungeon (2/15)

Altars:

Shops:
D:1 :


Message History

The bat hits you but does no damage.
You hit the bat.
The bat is moderately wounded.
The bat hits you. The bat misses you. The bat completely misses you.
You hit the bat.
The bat is severely wounded.
The bat hits you but does no damage. The bat barely misses you.
The bat misses you. The bat closely misses you.
You see here 16 stones.
You hit the bat.
You kill the bat!
You are too injured to fight recklessly!
You start resting.
HP restored.
(D) Dungeon
Where to? (Enter - D:2, ? - help)
There is a stone staircase leading down here.
You climb downwards.
The gnoll hits you with a +0 whip. The gnoll barely misses you.
There is a stone staircase leading up here.
You closely miss the gnoll. The gnoll hits you with a +0 whip.
The gnoll hits you from afar with a +0 spear.
You hit the gnoll but do no damage. The gnoll closely misses you.
The gnoll hits you from afar with a +0 spear.
You hit the gnoll.
The gnoll is moderately wounded.
The gnoll hits you with a +0 whip. The gnoll closely misses you.
The gnoll barely misses you. The gnoll misses you.
You climb upwards.
There is a stone staircase leading down here.
You barely miss the gnoll.
The gnoll is moderately wounded.
The gnoll hits you with a +0 whip!
* * * LOW HITPOINT WARNING * * *
You hit the gnoll.
The gnoll is severely wounded.
The gnoll hits you with a +0 whip.
You die...

........# .#####..##
.........###### ..............#
##.#....###...##
#.#.#...#.#...##########
#.#.#..##.##...........# #######
##.#.#...##....########.# #......
........#.#.#.(g@.....#.# #.#####
..........)...†.).###.#.# #.# ###
########.###.###.####.#.# #.# #..
...............#......#.# #.# #.#
########.###...#.######.# #.# #.#
########'###...#.# #.###.###.#
#..............#.### #.........#
#..................########.#####
#................#.##.......#


You could see a gnoll.

Vanquished Creatures
  2 gnolls
  3 bats
  3 endoplasms (D:1)
  2 giant cockroaches
  4 goblins (D:1)
  4 hobgoblins
  2 ball pythons
  4 frilled lizards (D:1)
  2 rats (D:1)
26 creatures vanquished.

Notes
Turn   | Place    | Note
-------+----------+-------------------------------------------
     0 | D:1      | Minsecho the Hill Orc Monk began the quest for the Orb.
     0 | D:1      | Reached XP level 1. HP: 19/19 MP: 1/1
    91 | D:1      | Reached XP level 2. HP: 19/27 MP: 2/2
   332 | D:1      | Found Cevinil's Book Shop.
   830 | D:1      | Found a faded altar of an unknown god.
  1092 | D:2      | Reached XP level 3. HP: 33/33 MP: 3/3
  1342 | D:1      | Reached skill level 5 in Axes
  1554 | D:1      | Slain by a gnoll

Illustrated notes

Levels and vault maps discovered:
D:1:      psy_arrival_terrarium, layout_basic,
          hellmonk_ecumenical_altar_zigzags, serial_shops, nicolae_shop_stone,
          minmay_misc_feat_square, hangedman_abyss_or_decor_stabs,
          serial_bayou_pond_d, grunt_decor_mini_mirrors
D:2:      layout_loops_ring

Skill      XL: |  1  2  3 |
---------------+----------+-----
Fighting       | 4 |  4.2
Axes           | 5 |  5.0
Dodging        | |  2.8
Stealth        | |  1.5

Action                   || total
-------------------------++-------
Melee: Hand axe          ||    98
       Punch             ||     2
 Stab: Sleeping          ||     3
Armor: Robe              ||    18
Dodge: Dodged            ||    67
